 Dungeon Crawl Stone Soup version 0.29.1-1-gd02db6906a (webtiles) character file.

Game seed: 12710348866805469422

328 pyryhyry the Covered (level 7, -30/56 HPs)
             Began as a Meteoran Artificer on Oct 19, 2022.
             Was an Initiate of Wu Jian.
             Killed by an exploding butterfly (31 damage)
             ... ignited by their inner flame
             ... on level 4 of the Dungeon.
             The game lasted 00:09:02 (2122 turns).

pyryhyry the Covered (Meteoran Artificer)           Turns: 2122, Time: 00:09:03

Health: -30/56     AC: 12    Str: 17    XL:     7   Next: 8%
Magic:  11/11      EV:  8    Int: 12    God:    Wu Jian [......]
Gold:   30         SH:  0    Dex: 14    Spells: 10/10 levels left

rFire   . . .      SeeInvis +   f - +1 mace
rCold   . . .      Faith    .   (no shield)
rNeg    . . .      Spirit   .   a - +0 chain mail
rPois   .          Reflect  .   (no helmet)
rElec   .          Harm     .   v - +0 cloak
rCorr   .          Rampage  .   (no gloves)
Will    .....                   q - +0 pair of boots
Stlth   ..........              w - amulet of the acrobat
HPRegen 0.18/turn               i - ring of see invisible
MPRegen 0.12/turn               (no ring)

@: glowing
A: sense surroundings 1, otherworldly, glowing, explore regen
a: Renounce Religion


You were on level 4 of the Dungeon.
You worshipped Wu Jian.
Wu Jian was noncommittal.
You visited 2 branches of the dungeon, and saw 5 of its levels.

You collected 134 gold pieces.
You spent 104 gold pieces at shops.

Inventory:

Hand Weapons
 f - a +1 mace (weapon)
 k - a +0 halberd
Missiles
 g - 4 boomerangs
Armour
 a - a +0 chain mail (worn)
 b - a +0 leather armour
 q - a +0 pair of boots (worn)
 t - a +0 tower shield
 v - a +0 cloak (worn)
 A - the +2 robe "Toro" {*Corrode rElec Will+ Str+7}
   (You found it on level 4 of the Dungeon)

   Str:       It affects your strength (+7).
   rElec:     It insulates you from electricity.
   *Corrode:  It may corrode you when you take damage.
   Will:      It increases your willpower.
Magical Staves
 u - a staff of conjuration
Jewellery
 i - a ring of see invisible (left hand)
 w - an amulet of the acrobat (around neck)
 x - a ring of fire
Wands
 c - a wand of flame (39) (quivered)
 d - a wand of charming (15)
 e - a wand of iceblast (5)
Scrolls
 h - 2 scrolls of poison
 o - a scroll of butterflies
 s - 2 scrolls of identify
 y - a scroll of teleportation {unknown}
 z - a scroll of torment {unknown}
 B - a scroll of fear {unknown}
Potions
 j - 3 potions of magic
 l - 2 potions of ambrosia {unknown}
 m - a potion of brilliance {unknown}
 r - 3 potions of lignification {unknown}
 C - a potion of curing
 D - a potion of heal wounds


   Skills:
 + Level 2.5 Fighting
 * Level 3.8 Maces & Flails
 * Level 4.5 Armour
 + Level 2.9 Dodging
 - Level 0.7 Stealth
 + Level 2.3 Spellcasting
 + Level 4.4 Evocations


You had 10 spell levels left.
You didn't know any spells.
Your spell library contained the following spells:

 Spells                   Type           Power      Damage    Failure   Level
 Ensorcelled Hibernation  Hex/Ice        2%         N/A       99%         2
 Cause Fear               Hex            0%         N/A       100%        4
 Maxwell's Capacitive Co  Air            0%         ∞         100%        8


Dungeon Overview and Level Annotations

Branches:
Dungeon (4/15) Zot: 342    Temple (1/1) D:4 Zot: 443

Altars:
Ashenzari
Cheibriados
Dithmenos
Fedhas
Gozag
Hepliaklqana
Makhleb
Okawaru
Qazlal
Sif Muna
Uskayaw
Vehumet
Wu Jian
Xom
Yredelemnul
Zin

Shops:
D:4 !

Annotations:
D:2 1 runed translucent door, Crazy Yiuf
D:4 Grinder


Innate Abilities, Weirdness & Mutations

You passively map a small area around you.
You are easily found by Zot.
You glow in the dark.
You regain HP and MP as you explore.


Message History

The creatures around you are filled with an inner flame!
It was a scroll of immolation.
Your butterfly is poisoned.
Your butterfly is engulfed in poison gas.
Your butterfly is poisoned.
Your butterfly disappears in a burst of colours!
Your butterfly explodes!
The fiery explosion engulfs your butterfly!!
Your butterfly disappears in a burst of colours!
The fiery explosion engulfs your butterfly!!
Your butterfly disappears in a burst of colours!
The fiery explosion engulfs your butterfly!!
Your butterfly disappears in a burst of colours!
The fiery explosion engulfs your butterfly!!
Your butterfly disappears in a burst of colours!
The fiery explosion engulfs your butterfly!!
Your butterfly disappears in a burst of colours!
Your butterfly explodes!
The fiery explosion engulfs your butterfly!!
Your butterfly disappears in a burst of colours!
The fiery explosion engulfs your butterfly!!
Your butterfly disappears in a burst of colours!
The fiery explosion engulfs you!
* * * LOW HITPOINT WARNING * * *
The fiery explosion engulfs your butterfly!
Your butterfly disappears in a burst of colours!
The fiery explosion engulfs your butterfly!!
Your butterfly disappears in a burst of colours!
Your butterfly explodes!
The fiery explosion engulfs your butterfly!!
Your butterfly disappears in a burst of colours!
The fiery explosion engulfs your butterfly!!!
Your butterfly disappears in a burst of colours!
Your butterfly explodes!
The fiery explosion engulfs your butterfly!!
Your butterfly disappears in a burst of colours!
Your butterfly explodes! x3
The fiery explosion engulfs you!!
Ouch! That really hurt!
You die...

..... #..........##...#
..... #.........5##...#
..... #........<......#
.#######'####.....##...#
.#....##...##.....##...#
.#.........+...........#
.#.......§.#......†....#
.........§§§§####+###<.#
......P..§§§§§b§@§§§#..#
...._.P..##§§§§§§§§§#..#
......P..##§§§§§§§§§#..#
...PPPP..##§§§§§§§§§#..#
.........##§§§§§§§§§#####
##.......##§§####§§§§...#
#..#######§§...#§§§§§..#
#..#######§....#§§§§§§.#
#............+##.......#


There were no monsters in sight!

Vanquished Creatures
  A scorpion (D:3)
  Jessica (D:2)
  A scorpion zombie (D:3)
  Natasha (twice) (D:4)
  An iguana (D:4)
  2 hound skeletons (D:3)
  3 adders
  2 adder zombies (D:3)
  An adder skeleton (D:3)
  2 worms (D:2)
  A dart slug (D:3)
  An orc (D:3)
  4 ball pythons
  A bat (D:2)
  6 endoplasms
  17 giant cockroaches
  A goblin (D:1)
  3 hobgoblins
  3 jackals (D:2)
  4 quokkas
  A ball python zombie (D:3)
  2 frilled lizards
  8 kobolds
  A quokka skeleton (D:3)
  5 rats
74 creatures vanquished.

Vanquished Creatures (others)
  A hobgoblin (D:3)
  A withered plant (D:3)
2 creatures vanquished.

Grand Total: 76 creatures vanquished

Notes
Turn   | Place    | Note
-------+----------+-------------------------------------------
     0 | D:1      | pyryhyry the Meteoran Artificer began the quest for the
                  | Orb.
     0 | D:1      | Reached XP level 1. HP: 16/16 MP: 2/2
    96 | D:1      | Reached XP level 2. HP: 10/23 MP: 3/3
   122 | D:1      | Reached skill level 1 in Maces & Flails
   497 | D:2      | Reached XP level 3. HP: 27/28 MP: 4/4
   541 | D:2      | Got the Codex of the Charming Squall
   621 | D:2      | Reached skill level 1 in Spellcasting
   631 | D:2      | Found a runed translucent door.
   632 | D:2      | Noticed Crazy Yiuf
   711 | D:2      | Reached XP level 4. HP: 35/35 MP: 6/6
   898 | D:2      | Noticed Jessica
   924 | D:2      | Killed Jessica
   925 | D:2      | Reached XP level 5. HP: 30/41 MP: 6/8
  1026 | D:3      | Reached XP level 6. HP: 32/48 MP: 9/9
  1616 | D:3      | Glimpsed the power of Zot.
  1647 | D:4      | Found a hide-covered altar of Uskayaw.
  1678 | D:4      | Noticed Natasha
  1690 | D:4      | Killed Natasha
  1753 | D:4      | Found a staircase to the Ecumenical Temple.
  1763 | Temple   | Entered the Ecumenical Temple
  1867 | Temple   | Became a worshipper of the Wu Jian Council
  2009 | D:4      | Identified the +2 robe "Toro" {*Corrode rElec Will+ Str+7}
  2087 | D:4      | Found Quifyivaaf's Distillery.
  2090 | D:4      | Bought a potion of curing for 39 gold pieces
  2090 | D:4      | Bought a potion of heal wounds for 65 gold pieces
  2106 | D:4      | Noticed Natasha
  2116 | D:4      | Killed Natasha
  2116 | D:4      | Noticed Grinder
  2117 | D:4      | Reached XP level 7. HP: 10/56 MP: 11/11
  2122 | D:4      | HP: 1/56 [spore (10)]
  2122 | D:4      | Killed by an exploding butterfly... ignited by their inner
                  | flame

Illustrated notes

Levels and vault maps discovered:
D:1:      minmay_arrival_diagonal_passages, layout_loops_cross, minivault_11
D:2:      minmay_roachtagon, layout_rooms, shapermc_ecumenical_altar_petra,
          minmay_misc_feat_cross, chequers_serial_rivers_small_b,
          uniq_crazy_yiuf_cottage, uniq_jessica
D:3:      layout_basic, serial_undead, serial_undead_e, serial_undead_d,
          serial_undead_f, serial_undead_e, hex_medium, chequers_mini_garden
D:4:      layout_gridville, mainiacjoe_overflow_chevrons,
          minmay_temple_entry_large_hall, serial_shops, shop, uniq_natasha,
          uniq_grinder
Temple:   mainiacjoe_temple_cubbyholes

Skill      XL: |  1  2  3  4  5  6 |
---------------+-------------------+-----
Maces & Flails | 1 2 3 |  3.8
Spellcasting   | 1 2 |  2.3
Armour         | 3 4 |  4.5
Dodging        | 2 |  2.9
Fighting       | 2 |  2.5
Evocations     | 4 |  4.4
Stealth        | |  0.7

Action                   |  1- 3 |  4- 6 |  7- 9 || total
-------------------------+-------+-------+-------++-------
Melee: Mace              |    90 |   214 |       ||   304
Invok: Lunge             |       |     1 |       ||     1
Evoke: Wand              |     1 |     2 |       ||     3
  Use: Scroll            |       |     2 |     4 ||     6
Armor: Leather armour    |     4 |       |       ||     4
       Chain mail        |    59 |   193 |       ||   252
Dodge: Dodged            |    44 |   113 |       ||   157
